AoeStats
← MouglieHD

Pilgrims

509900619Analyzed
2v2 RM · 5d ago on Sep 28, 2026· 31m 48s· 4 players
Game mode
Random Map
Map size
Medium (4 player)
Population
200
Speed
Normal
Resources
Standard
Victory
Conquest
Starting age
Dark Age
Ending age
Imperial Age
RankedLock teamsTeams togetherTeam positionsShared explorationLock speedFull tech treeHidden civsTurbo modeCheats
Victory
Defeat
🇲🇽 Sicilians · Mexico
766
+14
🇫🇷 Burgundians · France
698
+39
🇫🇷 Huns · France
733
-16
🇫🇷 Khmer · France
720
-15
Almopro
10:31 Feudal Age
12:11 Wheelbarrow
11:30 Double-Bit Axe
17:00 Man-at-Arms
19:14 Bloodlines
22:35 Forging
22:30 Scale Barding Armor
27:39 Castle Age
30:19 Husbandry
MouglieHD
14:48 Feudal Age
25:48 Castle Age
Danhowser
4:57 Wheelbarrow
9:38 Wheelbarrow
15:36 Feudal Age
16:39 Double-Bit Axe
18:07 Hand Cart
19:13 Man-at-Arms
polovermont4898
5:34 Loom
12:26 Feudal Age
13:00 Double-Bit Axe
15:25 Stone Mining
15:28 Gold Mining
17:05 Scale Mail Armor
17:09 Fishing Lines
20:10 Wheelbarrow
19:30 Fletching
20:39 Town Watch
23:49 Castle Age
23:06 Forging
25:45 Chain Mail Armor
26:05 Ballistics
26:23 Murder Holes
28:11 Arson
28:27 Pikeman
29:44 Squires
31:25 Gambesons
Connection lost

Rejoining the realm…

Still unreachable

The connection could not be restored.

Session expired

The server has moved on; the page needs a fresh start.